 Dungeon Crawl Stone Soup version 0.30-a0-341-g682706514a (webtiles) character file.

Game seed: 1884601770391653256

254 retardedninja the Trooper (level 6, -4/56 HPs)
             Began as a Hill Orc Fighter on Nov 4, 2022.
             Slain by Blork the orc
             ... wielding a +0 dire flail
              (9 damage)
             ... on level 4 of the Dungeon.
             The game lasted 00:03:24 (3103 turns).

retardedninja the Trooper (Hill Orc Fighter)        Turns: 3103, Time: 00:03:25

Health: -4/56      AC: 13    Str: 19 (21) XL:     6   Next: 15%
Magic:  6/6        EV:  5    Int:  5 (8)  God:
Gold:   219        SH:  4    Dex:  8 (10) Spells: 5/5 levels left

rFire   . . .      SeeInvis .    a - +0 war axe
rCold   . . .      Faith    .    c - +0 buckler
rNeg    . . .      Spirit   .    r - +0 plate armour
rPois   .          Reflect  .    (no helmet)
rElec   .          Harm     .    (no cloak)
rCorr   .          Rampage  .    (no gloves)
Will    .....                    k - +0 pair of boots
Stlth   ..........               (no amulet)
HPRegen 0.29/turn                (no ring)
MPRegen 0.10/turn                (no ring)

@: invisible
A: no striking features
a: no special abilities


You were on level 4 of the Dungeon.
You visited 1 branch of the dungeon, and saw 4 of its levels.

You collected 219 gold pieces.

Inventory:

Hand Weapons
 a - a +0 war axe (weapon)
Missiles
 p - a throwing net (quivered)
Armour
 c - a +0 buckler (worn)
 k - a +0 pair of boots (worn)
 r - a +0 plate armour (worn)
Scrolls
 b - a scroll of blinking {unknown}
 f - 6 scrolls of identify {unknown}
 h - 4 scrolls of enchant weapon {unknown}
 i - a scroll of vulnerability {unknown}
 j - a scroll of amnesia {unknown}
 n - a scroll of magic mapping {unknown}
 q - a scroll of noise {unknown}
Potions
 e - a potion of lignification {unknown}
 g - a potion of degeneration
 l - a potion of haste {unknown}
 m - a potion of curing {unknown}
 o - a potion of invisibility


   Skills:
 + Level 5.1 Fighting
 + Level 4.6 Axes
 + Level 4.6 Armour
 + Level 4.6 Shields


You had 5 spell levels left.
You didn't know any spells.
Your spell library contained the following spells:

 Spells                   Type           Power      Damage    Failure   Level
 Ensorcelled Hibernation  Hex/Ice        0%         N/A       100%        2
 Spider Form              Tmut/Pois      0%         N/A       100%        3
 Anguish                  Hex/Necr       0%         N/A       100%        4


Dungeon Overview and Level Annotations

Branches:
Dungeon (4/15)
 Temple: D:4-7

Altars:
Sif Muna

Annotations:
D:4 Blork the orc


Message History

You completely miss the orc. The orc closely misses you.
The orc hits you but does no damage.
You closely miss the orc.
The orc is lightly wounded.
You hit the orc.
Blork the orc looks braver for a moment.
The orc closely misses you. The orc hits you with a +0 hand axe.
You block the orc's attack. The orc hits you with a +3 war axe!
You hit the orc.
The orc is severely wounded.
You barely miss the orc. You hit Blork the orc. The orc barely misses you.
The orc hits you with a +0 hand axe. Blork the orc closely misses you.
You slash the orc!
You kill the orc!
You hit Blork the orc but do no damage. You closely miss the orc.
The orc hits you with a +3 war axe!
Blork the orc hits you with a +0 dire flail!
You are too injured to fight recklessly!
You are too injured to fight recklessly!
You are too injured to fight recklessly!
You are too injured to fight recklessly!
You are too injured to fight recklessly!
You are too injured to fight recklessly!
You are too injured to fight recklessly!
You are too injured to fight recklessly!
You are too injured to fight recklessly!
It was a potion of degeneration.
There was something very wrong with that liquid.
You feel weakened.
You feel dopey.
You feel clumsy.
Blork the orc points at you and mumbles some strange words.
The puff of frost hits you.
* * * LOW HITPOINT WARNING * * *
The orc hits you with a +3 war axe.
* * * LOW HITPOINT WARNING * * *
It was a potion of invisibility.
You fade into invisibility!
The orc hits you with a +3 war axe!
* * * LOW HITPOINT WARNING * * *
Blork the orc hits you with a +0 dire flail!
You die...

#############
#...........#
####.#########.# ..#.#
#.# ..#.# #.# #.#.# #.##
#.#.# #..# #.##.##)#.#
##.# #...oKo@..#
####.###
.....##o#########.......
... #.. >.......##.###
## . ..###########.....
.. ##.# #..... ## #.#
####..... .. ...
......... ## ###
####..... #.....


You could see Blork the orc (unable to see you), 2 orcs and a kobold (unable to
see you).

Vanquished Creatures
  A centaur (D:4)
  An orc priest (D:3)
  Natasha (D:4)
  A gnoll (D:4)
  5 worms
  6 dart slugs
  6 orcs
  4 ball pythons
  3 endoplasms
  3 giant cockroaches
  13 goblins
  3 hobgoblins
  7 jackals
  2 quokkas
  2 frilled lizards (D:1)
  13 kobolds
  7 rats
78 creatures vanquished.

Notes
Turn   | Place    | Note
-------+----------+-------------------------------------------
     0 | D:1      | retardedninja the Hill Orc Fighter began the quest for the
                  | Orb.
     0 | D:1      | Reached XP level 1. HP: 19/19 MP: 1/1
   116 | D:1      | Reached XP level 2. HP: 27/27 MP: 2/2
   270 | D:1      | Reached skill level 4 in Fighting
   389 | D:1      | Reached XP level 3. HP: 33/33 MP: 3/3
   971 | D:2      | Found a faded altar of an unknown god.
  1090 | D:2      | Found a shimmering blue altar of Sif Muna.
  1337 | D:2      | Reached XP level 4. HP: 24/40 MP: 4/4
  1830 | D:3      | Reached XP level 5. HP: 35/47 MP: 5/5
  2641 | D:4      | Noticed Natasha
  2650 | D:4      | Killed Natasha
  2762 | D:4      | Noticed a centaur
  2775 | D:4      | Killed a centaur
  2776 | D:4      | Reached skill level 5 in Fighting
  2776 | D:4      | Reached XP level 6. HP: 31/56 MP: 6/6
  3095 | D:4      | Noticed Blork the orc
  3103 | D:4      | Slain by Blork the orc

Illustrated notes

Levels and vault maps discovered:
D:1:      nzn_arrival_water_spiral, layout_loops_corners, roderic_roman_lattice
D:2:      layout_basic, basic_altar, hellmonk_ecumenical_altar_crossroads,
          chequers_serial_rivers_small_b
D:3:      layout_basic, glass_columns_a, minmay_strange_pillars
D:4:      layout_loops_ring, minivault_14, kennysheep_generic_room_13,
          uniq_natasha, uniq_blork_the_orc

Skill      XL: |  1  2  3  4  5 |
---------------+----------------+-----
Axes           | 3 4 |  4.6
Fighting       | 4 5 |  5.1
Armour         | 4 |  4.6
Shields        | 4 |  4.6

Action                   |  1- 3 |  4- 6 || total
-------------------------+-------+-------++-------
Melee: War axe           |   108 |    93 ||   201
  Use: Potion            |       |     4 ||     4
Armor: Scale mail        |    47 |     3 ||    50
       Chain mail        |       |    17 ||    17
       Plate armour      |       |    39 ||    39
Dodge: Dodged            |    53 |    35 ||    88
Block: Buckler           |    21 |    23 ||    44

Table legend: (Time is in decaauts)
 A = Elapsed time spent in this place.
 B = Non-inter-level travel time spent in this place.
 C = Inter-level travel time spent in this place.
 D = Time resting spent in this place.
 E = Time spent auto-exploring this place.
 F = Levels seen in this place.
 G = Mean time per level.
                   A        B        C        D        E       F      G
               +--------+--------+--------+--------+--------+-----+--------+
         Total |   3174 |   3029 |    145 |    284 |   2186 |   4 |  793.5 |
       Dungeon |   3174 |   3029 |    145 |    284 |   2186 |   4 |  793.5 |
               +--------+--------+--------+--------+--------+-----+--------+

Top non-repeatable levels by time:
     D:1: 987 daAuts
     D:3: 834 daAuts
     D:2: 806 daAuts
     D:4: 546 daAuts
